NCAA
CALIFORNIA GOLDEN BEARS @ INDIANA HOOSIERS
04/07/2023
 
TOP OF THE 1ST
California Golden Bears batting - Pitching for Indiana Hoosiers : RHP Jeremy Lee
Pitching: RHP Jeremy Lee
Batting: RHB Albert Alemán 0-0: Foul Ball, location: 2F
0-1: Ball
1-1: Foul Ball, location: 2F
1-2: Strikes out swinging
Batting: RHB Júlio López 0-0: Fly out, F8 (Flyball, 8RM)
Batting: RHB Stanley Robbins 0-0: Called Strike
0-1: Ball
1-1: Ball
2-1: Foul Ball, location: 2F
2-2: Fly out, F2 (Popup, 2RF)
Top of the 1st over - 0 run(s), 0 hit(s), 0 error(s), 0 left on base; California 0 - Indiana 0
BOTTOM OF THE 1ST
Indiana Hoosiers batting - Pitching for California Golden Bears : RHP Tomás Marte
Pitching: RHP Tomás Marte
Batting: LHB Dane Chapman 0-0: Ball
1-0: Ball
2-0: Ball
3-0: Called Strike
3-1: SINGLE (Line Drive, 4D)
Batting: RHB Jaime Morán 0-0: Ball
1-0: Foul Ball, location: 2F
1-1: Ball
2-1: Foul Ball, location: 2F
2-2: Foul Ball, location: 2F
2-2: Ball
3-2: Foul Ball, location: 2F
3-2: Foul Ball, location: 2F
3-2: Foul Ball, location: 2F
3-2: Foul Ball, location: 2F
3-2: Reached on error, E5 (Groundball, 56)
Dane Chapman to second
Batting: RHB Eric Knight 0-0: Called Strike
0-1: Swinging Strike
0-2: Ball
1-2: Ball
2-2: Strikes out looking
Batting: LHB Marvin Morris 0-0: Called Strike
0-1: Ball
1-1: Ground out 5-3 (Groundball, 5S)
Dane Chapman to third
Jaime Morán to second
Batting: RHB Mike Beach 0-0: Foul Ball, location: 2F
0-1: Swinging Strike
0-2: Ball
1-2: SINGLE (Line Drive, 56D)
Dane Chapman scores
Jaime Morán to third
Runner from 3rd tries for Home, SAFE, no throw or cutoff
Batting: LHB Victor Reese 0-0: Ball
1-0: Ball
2-0: Ball
Wild Pitch!
Mike Beach to second
3-0: Base on Balls
Batting: SHB Cole Smith 0-0: Called Strike
0-1: Fielders Choice at 2nd, U6 (Groundball, 6M)
Bottom of the 1st over - 2 run(s), 2 hit(s), 1 error(s), 2 left on base; California 0 - Indiana 2
TOP OF THE 2ND
California Golden Bears batting - Pitching for Indiana Hoosiers : RHP Jeremy Lee
Batting: LHB António Costa 0-0: Ball
1-0: Foul Ball, location: 2F
1-1: Ground out 5-3 (Groundball, 56S)
Batting: RHB Richard Stroud 0-0: Foul Ball, location: 2F
0-1: Ground out 5-3 (Groundball, 56)
Batting: RHB Phil Garne 0-0: SINGLE (Flyball, 9S)
Batting: LHB Jeff West 0-0: 2-RUN HOME RUN (Line Drive, 89XD), Distance : 389 ft
Batting: SHB Jeff McGill 0-0: Ball
1-0: Ground out U3 (Groundball, 3S)
Top of the 2nd over - 2 run(s), 2 hit(s), 0 error(s), 0 left on base; California 2 - Indiana 2
BOTTOM OF THE 2ND
Indiana Hoosiers batting - Pitching for California Golden Bears : RHP Tomás Marte
Batting: LHB Arturo Álvarez 0-0: Ball
1-0: Ball
2-0: Called Strike
2-1: Ground out U3 (Groundball, 3S)
Batting: RHB Armando Bernard 0-0: Ball
1-0: Foul Ball, location: 2F
1-1: Ball
2-1: TRIPLE (Line Drive, 78M)
Batting: LHB Dane Chapman 0-0: Ball
1-0: Ball
2-0: Ground out 4-3 (Groundball, 34)
Armando Bernard scores
Batting: RHB Jaime Morán 0-0: Ground out 6-3 (Groundball, 6)
Bottom of the 2nd over - 1 run(s), 1 hit(s), 0 error(s), 0 left on base; California 2 - Indiana 3
TOP OF THE 3RD
California Golden Bears batting - Pitching for Indiana Hoosiers : RHP Jeremy Lee
Batting: RHB John Mason 0-0: SINGLE (Line Drive, 4MD)
Batting: RHB Albert Alemán 0-0: Ball
1-0: Ground out 5-3 (Groundball, 56S)
John Mason to second
Batting: RHB Júlio López 0-0: Swinging Strike
0-1: Foul Ball, location: 2F
0-2: Ball
1-2: Foul Ball, location: 2F
1-2: Foul Ball, location: 2F
1-2: Ball
2-2: Foul Ball, location: 2F
2-2: SINGLE (Groundball, 56D)
John Mason to third
Runner from 3rd tries for Home, SAFE, no throw or cutoff
Batting: RHB Stanley Robbins 0-0: Called Strike
0-1: Swinging Strike
0-2: Strikes out swinging
Batting: LHB António Costa 0-0: Ball
1-0: Ball
2-0: Swinging Strike
2-1: Foul Ball, location: 2F
2-2: Ball
3-2: Foul Ball, location: 2F
3-2: Foul Ball, location: 2F
3-2: Ground out 3-1 (Groundball, 34)
Top of the 3rd over - 1 run(s), 2 hit(s), 0 error(s), 1 left on base; California 3 - Indiana 3
BOTTOM OF THE 3RD
Indiana Hoosiers batting - Pitching for California Golden Bears : RHP Tomás Marte
Batting: RHB Eric Knight 0-0: Ball
1-0: Called Strike
1-1: Called Strike
1-2: Strikes out swinging
Batting: LHB Marvin Morris 0-0: Ball
1-0: Ball
2-0: Ball
3-0: Base on Balls
Batting: RHB Mike Beach 0-0: Ball
1-0: Ball
2-0: Called Strike
2-1: Reached on error, E5 (Groundball, 56)
Marvin Morris to second
Batting: LHB Victor Reese 0-0: Ball
1-0: Called Strike
1-1: Ball
2-1: SINGLE (Line Drive, 4D)
Marvin Morris to third
Mike Beach to second
Runner from 3rd tries for Home, SAFE, no throw or cutoff
Batting: SHB Cole Smith 0-0: Called Strike
0-1: Ball
Wild Pitch!
Mike Beach to third
Victor Reese to second
1-1: Ball
2-1: Swinging Strike
2-2: Strikes out swinging
Batting: LHB Arturo Álvarez 0-0: Called Strike
0-1: SINGLE (Line Drive, 89S)
Mike Beach scores
Victor Reese to third
Runner from 3rd tries for Home, throw and OUT!
Bottom of the 3rd over - 2 run(s), 2 hit(s), 1 error(s), 1 left on base; California 3 - Indiana 5
TOP OF THE 4TH
California Golden Bears batting - Pitching for Indiana Hoosiers : RHP Jeremy Lee
Batting: RHB Richard Stroud 0-0: Ball
1-0: Called Strike
1-1: Fly out, F8 (Flyball, 8RM)
Batting: RHB Phil Garne 0-0: Called Strike
0-1: Ball
1-1: Swinging Strike
1-2: Ball
2-2: Ball
3-2: Strikes out swinging
Batting: LHB Jeff West 0-0: Ball
1-0: Called Strike
1-1: Ground out 4-3 (Groundball, 4)
Top of the 4th over - 0 run(s), 0 hit(s), 0 error(s), 0 left on base; California 3 - Indiana 5
BOTTOM OF THE 4TH
Indiana Hoosiers batting - Pitching for California Golden Bears : RHP Tomás Marte
Batting: RHB Armando Bernard 0-0: Called Strike
0-1: Fly out, F9 (Flyball, 9M)
Batting: LHB Dane Chapman 0-0: Called Strike
0-1: Foul Ball, location: 2F
0-2: Fly out, F7 (Flyball, 7M)
Batting: RHB Jaime Morán 0-0: Ground out 6-3 (Groundball, 6)
Bottom of the 4th over - 0 run(s), 0 hit(s), 0 error(s), 0 left on base; California 3 - Indiana 5
TOP OF THE 5TH
California Golden Bears batting - Pitching for Indiana Hoosiers : RHP Jeremy Lee
Batting: SHB Jeff McGill 0-0: Ball
1-0: Ball
2-0: Called Strike
2-1: Ball
3-1: SINGLE (Line Drive, 9S)
Batting: RHB John Mason 0-0: Called Strike
0-1: Ball
1-1: Ball
2-1: Ball
3-1: Base on Balls
Jeff McGill to second
Batting: RHB Albert Alemán 0-0: SINGLE (Line Drive, 5D)
Jeff McGill to third
John Mason to second
Runner from 3rd tries for Home, SAFE, no throw or cutoff
Batting: RHB Júlio López 0-0: Foul Ball, location: 2F
0-1: Fly out, F9 (Line Drive, 9M)
Batting: RHB Stanley Robbins 0-0: Called Strike
0-1: SINGLE (Line Drive, 9S)
John Mason to third
Albert Alemán to second
Runner from 3rd tries for Home, SAFE, no throw or cutoff
Batting: LHB António Costa 0-0: Ball
1-0: Called Strike
1-1: Called Strike
1-2: Ball
2-2: Strikes out swinging
Batting: RHB Richard Stroud 0-0: Called Strike
0-1: Foul Ball, location: 2F
0-2: Ball
1-2: SINGLE (Line Drive, 6MD)
Albert Alemán to third
Stanley Robbins to second
Batting: RHB Phil Garne 0-0: Ball
1-0: Foul Ball, location: 2F
1-1: Ball
2-1: Ball
3-1: Base on Balls
Albert Alemán scores
Stanley Robbins to third
Richard Stroud to second
Pitching: RHP Cecil Carter
Batting: LHB Jeff West 0-0: Called Strike
0-1: Foul Ball, location: 2F
0-2: Foul Ball, location: 2F
0-2: Ball
Wild Pitch!
Stanley Robbins scores
Richard Stroud to third
Phil Garne to second
1-2: Strikes out swinging
Top of the 5th over - 4 run(s), 4 hit(s), 0 error(s), 2 left on base; California 7 - Indiana 5
BOTTOM OF THE 5TH
Indiana Hoosiers batting - Pitching for California Golden Bears : RHP Tomás Marte
Batting: RHB Eric Knight 0-0: Swinging Strike
0-1: Ball
1-1: Ball
2-1: SINGLE (Groundball, 3S)
Batting: LHB Marvin Morris 0-0: Ball
1-0: Ball
2-0: Ball
3-0: Base on Balls
Eric Knight to second
Pitching: RHP Brenton Robbins
Batting: RHB Mike Beach 0-0: Ball
1-0: Ball
2-0: Ball
3-0: Base on Balls
Eric Knight to third
Marvin Morris to second
Batting: LHB Victor Reese 0-0: Ball
Wild Pitch!
Eric Knight scores
Marvin Morris to third
Mike Beach to second
1-0: Foul Ball, location: 2F
1-1: Ball
2-1: Foul Ball, location: 2F
2-2: SINGLE (Groundball, 34D)
Marvin Morris scores
Mike Beach to third
Runner from 3rd tries for Home, SAFE, no throw or cutoff
Batting: SHB Cole Smith 0-0: SINGLE (Line Drive, 4)
Victor Reese to second
Runner from 2nd tries for 3rd, SAFE, throw made to third
Batting: LHB Arturo Álvarez 0-0: Ball
1-0: SINGLE (Line Drive, 34)
Victor Reese scores
Cole Smith to second
Batting: RHB Armando Bernard 0-0: Ball
1-0: Swinging Strike
1-1: Ball
2-1: Called Strike
2-2: Foul Ball, location: 2F
2-2: Ball
3-2: Base on Balls
Cole Smith to third
Arturo Álvarez to second
Batting: LHB Dane Chapman 0-0: Ball
1-0: Ball
2-0: Foul Ball, location: 2F
2-1: Called Strike
2-2: Ball
3-2: Fly out, F6 (Line Drive, 6M)
Batting: RHB Jaime Morán 0-0: Ball
1-0: Fielders Choice at 2nd, 6-4 (Groundball, 6)
Cole Smith scores
Arturo Álvarez to third
Batting: RHB Eric Knight 0-0: Ball
1-0: Swinging Strike
1-1: Foul Ball, location: 2F
1-2: Ball
2-2: Foul Ball, location: 2F
2-2: Ball
3-2: Base on Balls
Jaime Morán to second
Batting: LHB Marvin Morris 0-0: Ball
1-0: Ball
2-0: Ball
3-0: Base on Balls
Arturo Álvarez scores
Jaime Morán to third
Eric Knight to second
Pitching: RHP Charles Clark
Batting: RHB Mike Beach 0-0: Ball
1-0: Ball
2-0: Ball
3-0: Called Strike
3-1: Foul Ball, location: 2F
3-2: Foul Ball, location: 2F
3-2: Foul Ball, location: 2F
3-2: Fly out, F6 (Popup, 5DF)
Bottom of the 5th over - 6 run(s), 4 hit(s), 0 error(s), 3 left on base; California 7 - Indiana 11
TOP OF THE 6TH
California Golden Bears batting - Pitching for Indiana Hoosiers : RHP Cecil Carter
Batting: SHB Jeff McGill 0-0: Foul Ball, location: 2F
0-1: Fly out, F7 (Flyball, 78S)
Batting: RHB John Mason 0-0: Called Strike
0-1: Bunted foul
0-2: Strikes out swinging
Batting: RHB Albert Alemán 0-0: Foul Ball, location: 2F
0-1: Ball
1-1: Ball
2-1: Ball
3-1: Swinging Strike
3-2: Foul Ball, location: 2F
3-2: Foul Ball, location: 2F
3-2: Base on Balls
Batting: RHB Júlio López 0-0: SINGLE (Groundball, 3D)
Albert Alemán to second
Runner from 2nd tries for 3rd, SAFE, throw made to third
Batting: RHB Stanley Robbins 0-0: Called Strike
0-1: Swinging Strike
0-2: Strikes out looking
Top of the 6th over - 0 run(s), 1 hit(s), 0 error(s), 2 left on base; California 7 - Indiana 11
BOTTOM OF THE 6TH
Indiana Hoosiers batting - Pitching for California Golden Bears : RHP Charles Clark
Batting: LHB Victor Reese 0-0: Foul Ball, location: 2F
0-1: Ball
1-1: Ball
2-1: Ball
3-1: Foul Ball, location: 2F
3-2: Foul Ball, location: 2F
3-2: Foul Ball, location: 2F
3-2: Base on Balls
Batting: SHB Cole Smith 0-0: Ball
1-0: Ball
2-0: Foul Ball, location: 2F
2-1: Called Strike
2-2: Ground out 4-3 (Groundball, 13)
Victor Reese to second
Batting: LHB Arturo Álvarez 0-0: Intentional Walk
Batting: RHB Armando Bernard 0-0: Grounds into double play, 6-4-3 (Groundball, 6)
Bottom of the 6th over - 0 run(s), 0 hit(s), 0 error(s), 1 left on base; California 7 - Indiana 11
TOP OF THE 7TH
California Golden Bears batting - Pitching for Indiana Hoosiers : RHP Cecil Carter
Batting: LHB António Costa 0-0: Foul Ball, location: 2F
0-1: Foul Ball, location: 2F
0-2: Ball
1-2: Ground out U3 (Groundball, 3)
Batting: RHB Richard Stroud 0-0: Ball
1-0: Ball
2-0: Ball
3-0: Base on Balls
Batting: RHB Phil Garne 0-0: Ball
1-0: Ball
2-0: Ball
3-0: Called Strike
3-1: Base on Balls
Richard Stroud to second
Pitching: RHP Norberto Rojas
Batting: LHB Jeff West 0-0: Swinging Strike
0-1: Ball
1-1: Ball
2-1: Ball
3-1: Base on Balls
Richard Stroud to third
Phil Garne to second
Batting: SHB Jeff McGill 0-0: Foul Ball, location: 2F
0-1: Swinging Strike
0-2: Fly out, F9 (Flyball, 89M)
Runner from 3rd tags up, OUT at HOME
Top of the 7th over - 0 run(s), 0 hit(s), 0 error(s), 2 left on base; California 7 - Indiana 11
BOTTOM OF THE 7TH
Indiana Hoosiers batting - Pitching for California Golden Bears : RHP Charles Clark
Batting: LHB Dane Chapman 0-0: Ball
1-0: Ball
2-0: Ground out 4-3 (Groundball, 4)
Batting: RHB Jaime Morán 0-0: SINGLE (Groundball, 6)
Batting: RHB Eric Knight 0-0: Ground out 4-3 (Groundball, 4M)
Jaime Morán to second
Batting: LHB Marvin Morris 0-0: Ball
1-0: Ball
2-0: DOUBLE (Line Drive, 9LM)
Jaime Morán scores
Batting: RHB Mike Beach 0-0: Ball
Wild Pitch!
Marvin Morris to third
1-0: Called Strike
1-1: SINGLE (Groundball, 6MD)
Marvin Morris scores
Batting: LHB Victor Reese 0-0: Ball
1-0: Ball
2-0: Called Strike
2-1: Ball
3-1: Foul Ball, location: 2F
3-2: Base on Balls
Mike Beach to second
Batting: SHB Cole Smith 0-0: Foul Ball, location: 2F
0-1: Ball
1-1: Ball
2-1: SINGLE (Line Drive, 6)
Mike Beach to third
Victor Reese to second
Runner from 3rd tries for Home, SAFE, no throw or cutoff
Pitching: RHP Keith Unruh
Batting: LHB Arturo Álvarez 0-0: Ball
1-0: Called Strike
Single, Error in OF, E9, batter to second base
Victor Reese scores
Cole Smith to third
Batting: RHB Armando Bernard 0-0: Called Strike
0-1: Foul Ball, location: 2F
0-2: Strikes out swinging
Bottom of the 7th over - 4 run(s), 5 hit(s), 1 error(s), 2 left on base; California 7 - Indiana 15
TOP OF THE 8TH
California Golden Bears batting - Pitching for Indiana Hoosiers : RHP Norberto Rojas
Batting: RHB John Mason 0-0: Called Strike
0-1: Foul Ball, location: 2F
0-2: Ball
1-2: Ball
2-2: Strikes out swinging passed ball, reaches first!
Batting: RHB Albert Alemán 0-0: Swinging Strike
0-1: Swinging Strike
0-2: Strikes out swinging
Batting: RHB Júlio López 0-0: Ball
1-0: Ball
2-0: Ball
Wild Pitch!
John Mason to second
3-0: Called Strike
3-1: Base on Balls
Batting: RHB Stanley Robbins 0-0: DOUBLE (Flyball, 8LM)
John Mason scores
Júlio López to third
Batting: LHB António Costa 0-0: Ball
1-0: Foul Ball, location: 2F
1-1: Ball
2-1: Foul Ball, location: 2F
2-2: Foul Ball, location: 2F
2-2: Foul Ball, location: 2F
2-2: Ground out 4-3 (Groundball, 34)
Júlio López scores
Stanley Robbins to third
Batting: RHB Richard Stroud 0-0: Called Strike
0-1: Ground out 1-3 (Groundball, 25)
Top of the 8th over - 2 run(s), 1 hit(s), 0 error(s), 1 left on base; California 9 - Indiana 15
BOTTOM OF THE 8TH
Indiana Hoosiers batting - Pitching for California Golden Bears : RHP Keith Unruh
Batting: LHB Dane Chapman 0-0: Ball
1-0: SINGLE (Line Drive, 8LS)
Batting: RHB Jaime Morán 0-0: Called Strike
0-1: Sac Bunt - play at first, batter OUT! 5-3
Dane Chapman to second
Batting: RHB Eric Knight 0-0: Ball
1-0: Called Strike
Dane Chapman steals 3rd base
1-1: Foul Ball, location: 2F
1-2: Ball
2-2: SINGLE (Line Drive, 89S)
Dane Chapman scores
Batting: LHB Marvin Morris 0-0: Called Strike
0-1: Ball
1-1: Fly out, F6 (Popup, 56D)
Batting: RHB Mike Beach Pickoff Throw to First - Out!
Bottom of the 8th over - 1 run(s), 2 hit(s), 0 error(s), 0 left on base; California 9 - Indiana 16
TOP OF THE 9TH
California Golden Bears batting - Pitching for Indiana Hoosiers : RHP Norberto Rojas
Batting: RHB Phil Garne 0-0: Ball
1-0: Called Strike
1-1: Fly out, F8 (Flyball, 89M)
Batting: LHB Jeff West 0-0: Called Strike
0-1: Ball
1-1: Called Strike
1-2: Strikes out looking
Batting: SHB Jeff McGill 0-0: Called Strike
0-1: Ball
1-1: Swinging Strike
1-2: Ball
2-2: Strikes out looking
Top of the 9th over - 0 run(s), 0 hit(s), 0 error(s), 0 left on base; California 9 - Indiana 16
This league is powered by Out of the Park Baseball, the baseball management simulation game for PC, Mac and Linux
Wednesday, December 2nd, 2015 - OOTP Baseball 16.8 Build 38